 Dungeon Crawl Stone Soup version 0.27.1-33-g824d729ab1 (webtiles) character file.

Game seed: 5026856668000035394

221 barney the Changer (level 5, -4/40 HPs)
             Began as a Draconian Transmuter on Dec 30, 2021.
             Was an Initiate of Vehumet.
             Slain by a gnoll (12 damage)
             ... on level 4 of the Dungeon.
             The game lasted 00:10:49 (5347 turns).

barney the Changer (Draconian Transmuter)           Turns: 5347, Time: 00:10:49

Health: -4/40      AC:  2    Str: 13    XL:     5   Next: 65%
Magic:  6/8        EV: 19    Int: 14    God:    Vehumet [......]
Gold:   77         SH:  0    Dex: 16    Spells: 2/8 levels left

rFire    . . .     SeeInvis .     - Unarmed
rCold    . . .     Faith    .   (shield currently unavailable)
rNeg     . . .     Spirit   .   (armour unavailable)
rPois    x         Reflect  .   (helmet currently unavailable)
rElec    .         Harm     .   (cloak currently unavailable)
rCorr    +         Rampage  .   (gloves currently unavailable)
Will     .....                  (boots currently unavailable)
Stlth    +.........             (no amulet)
HPRegen  0.13/turn              i - ring of resist corrosion
MPRegen  0.11/turn              (no ring)

@: spider-form (expiring)
A: venomous fangs, AC +5, tiny, unfitting armour, (cold-blooded)
a: End Transformation, Renounce Religion


You were on level 4 of the Dungeon.
You worshipped Vehumet.
Vehumet was noncommittal.
You were a venomous arachnid creature.
You visited 2 branches of the dungeon, and saw 5 of its levels.

You collected 77 gold pieces.

Inventory:

Armour
 g - a +0 pair of gloves (melded)
Magical Staves
 e - a staff of earth
Jewellery
 i - a ring of resist corrosion (left front leg)
Wands
 h - a wand of polymorph (6)
Scrolls
 a - 2 scrolls of amnesia {unknown}
 b - 4 scrolls of enchant armour {unknown}
 d - a scroll of teleportation {unknown}
 j - a scroll of identify {unknown}
Potions
 c - a potion of heal wounds {unknown}
 f - a potion of brilliance {unknown}


   Skills:
 - Level 1.1 Fighting
 - Level 1.7 Dodging
 - Level 3.0 Unarmed Combat
 - Level 2.0 Spellcasting
 + Level 6.0 Transmutations


You had 2 spell levels left.
You knew the following spells:

 Your Spells              Type           Power      Damage    Failure   Level
a - Beastly Appendage     Tmut           36%        N/A       8%          1
b - Spider Form           Tmut/Pois      4%         N/A       41%         3
c - Wereblood             Tmut           18%        N/A       11%         2

Your spell library contained the following spells:

 Spells                   Type           Power      Damage    Failure   Level
 Ignite Poison            Fire/Tmut/Pois 7%         N/A       52%         3
 Conjure Flame            Conj/Fire      1%         6-21      77%         3
 Ice Form                 Ice/Tmut       9%         N/A       77%         4
 Sticky Flame             Conj/Fire      1%         2d3       98%         4


Dungeon Overview and Level Annotations

Branches:
Dungeon (4/15)             Temple (1/1) D:4

Altars:
Ashenzari
Cheibriados
Dithmenos
Elyvilon
Gozag
Hepliaklqana
Kikubaaqudgha
Makhleb
Nemelex Xobeh
Okawaru
Qazlal
Ru
Sif Muna
Trog
Uskayaw
Vehumet
Wu Jian
Xom
Yredelemnul
Zin
The Shining One


Innate Abilities, Weirdness & Mutations

You are a venomous arachnid creature.
You have poisonous fangs.
You are tiny and dextrous.
Your spellcasting is less reliable in this form.
Your armour is entirely melded.
You are incapable of wielding weapons or throwing items.
((Your plain brown scales are hard. (AC +5)))
You cannot fit into any form of body armour.
((You are cold-blooded and may be slowed by cold attacks.))


Message History

You hit the gnoll.
The gnoll is poisoned.
The gnoll is moderately wounded.
You bite the gnoll!
The gnoll looks as sick as possible!
The gnoll is almost dead.
The gnoll hits you with a +0 flail.
You are too injured to fight recklessly!
You are too injured to fight recklessly!
You are too injured to fight recklessly!
Unknown command.
You are too injured to fight recklessly!
You are too injured to fight recklessly!
You are too injured to fight recklessly!
You are too injured to fight recklessly!
Unknown command.
You hit the gnoll.
You kill the gnoll!
Vehumet accepts your kill.
Your transformation is almost over.
The gnoll hits you from afar with a +0 halberd.
You hit the gnoll but do no damage. The gnoll barely misses you.
The gnoll misses you.
You hit the gnoll.
The gnoll is heavily wounded.
The gnoll closely misses you. The gnoll completely misses you.
You hit the gnoll.
The gnoll is poisoned.
The gnoll is almost dead.
The gnoll closely misses you.
The gnoll hits you from afar with a +0 halberd!
* * * LOW HITPOINT WARNING * * *
You kill the gnoll!
Vehumet accepts your kill. The gnoll completely misses you.
Your Transmutations skill increases to level 6!
You hit the gnoll.
The gnoll is poisoned.
The gnoll is moderately wounded.
The gnoll closely misses you.
You hit the gnoll.
The gnoll looks as sick as possible!
The gnoll is heavily wounded.
The gnoll hits you with a +0 halberd!
You die...

#...#######.####.#
#.#...........##.#
#...#######.#.##>.
######..#######.#.####
..............#.#.#
..#..##..####.#.#.##
##)##'### #......#
#..gg.#g....# ###.#..#
#...g.#s....###
#.#..###
+##+##g##'##'.#
#.#...##
#.....#..#.###.#.#.#.
#+###+#..#..##.#...##
#..##.##.##....
+..+.....##..##
#..##.#####..##
#..##.#####..##
#..#.........(.


You could see a gnoll shaman and a gnoll (extremely poisoned).

Vanquished Creatures
  A bullfrog zombie (D:3)
  A hound (D:3)
  3 gnolls (D:4)
  5 adders
  A shadow imp (D:3)
  An adder skeleton (D:4)
  A dart slug (D:3)
  3 ball pythons
  4 bats
  6 endoplasms
  4 giant cockroaches
  5 hobgoblins
  11 jackals
  7 kobolds
  A quokka (D:4)
  A frilled lizard (D:3)
  10 goblins
  3 rats
  A spectral kobold (D:1)
69 creatures vanquished.

Notes
Turn   | Place    | Note
-------+----------+-------------------------------------------
     0 | D:1      | barney the Draconian Transmuter began the quest for the
                  | Orb.
     0 | D:1      | Reached XP level 1. HP: 16/16 MP: 3/3
     0 | D:1      | Noticed a gargoyle
     0 | D:1      | Noticed a tengu
     1 | D:1      | Noticed a felid
     7 | D:1      | Noticed a dwarf
     7 | D:1      | Noticed a demigod
    10 | D:1      | Noticed a dwarf
    11 | D:1      | Noticed an ogre
    14 | D:1      | Noticed a demonspawn
    14 | D:1      | Noticed a gargoyle
    16 | D:1      | Noticed a demonspawn
    17 | D:1      | Noticed a draconian
    19 | D:1      | Noticed a tengu
    19 | D:1      | Noticed a vine stalker
    21 | D:1      | Noticed a demonspawn
    21 | D:1      | Noticed an ogre
    21 | D:1      | Noticed a tengu
    23 | D:1      | Noticed a vampire
   328 | D:1      | Reached XP level 2. HP: 20/23 MP: 1/5
   350 | D:1      | Reached skill level 3 in Transmutations
   671 | D:1      | Found a faded altar of an unknown god.
  1250 | D:2      | Reached XP level 3. HP: 28/28 MP: 4/6
  1486 | D:2      | Reached skill level 4 in Transmutations
  2387 | D:2      | Reached XP level 4. HP: 32/35 MP: 5/7
  3084 | D:3      | Learned a level 3 spell: Spider Form
  3087 | D:3      | Learned a level 2 spell: Wereblood
  3457 | D:3      | Reached skill level 5 in Transmutations
  3703 | D:3      | Reached XP level 5. HP: 39/40 MP: 4/8
  4585 | D:4      | Found a staircase to the Ecumenical Temple.
  4594 | Temple   | Entered the Ecumenical Temple
  5066 | Temple   | Became a worshipper of Vehumet
  5346 | D:4      | Reached skill level 6 in Transmutations
  5347 | D:4      | Slain by a gnoll

Illustrated notes

Levels and vault maps discovered:
D:1:      shiori_arrival_whats_in_store_for_you, layout_basic,
          dreamdust_ecumenical_altar_drowned_temple
D:2:      layout_basic, minmay_misc_feat_encased, serial_bayou_crossing
D:3:      layout_rooms
D:4:      layout_loops_ring, mainiacjoe_overflow_24_doors,
          minmay_temple_entry_hall, kennysheep_generic_room_5
Temple:   nicolae_temple_the_god_donut

Skill      XL: |  1  2  3  4  5 |
---------------+----------------+-----
Transmutations | 3 4 5 6 |  6.0
Fighting       | |  1.1
Dodging        | |  1.7
Unarmed Combat | |  3.0
Spellcasting   | |  2.0

Action                   |  1- 3 |  4- 6 || total
-------------------------+-------+-------++-------
Melee: Unarmed           |    92 |   110 ||   202
       Headbutt          |    10 |     3 ||    13
       Kick              |    10 |     6 ||    16
       Tailslap          |     4 |     5 ||     9
       Punch             |     1 |     1 ||     2
 Cast: Beastly Appendage |    27 |    14 ||    41
       Spider Form       |       |     8 ||     8
 Stab: Sleeping          |       |     1 ||     1
Armor: Skin              |    38 |    28 ||    66
Dodge: Dodged            |    66 |   110 ||   176
